 Dungeon Crawl Stone Soup version 0.26.1-11-gd32895ea62 (webtiles) character file.

Game seed: 6502654712245664085

59 Almogavar the Stinger (level 4, 0/30 HPs)
             Began as a Merfolk Venom Mage on May 8, 2021.
             Slain by Sigmund
             ... wielding a +0 scythe
              (10 damage)
             ... on level 2 of the Dungeon.
             The game lasted 00:09:06 (1905 turns).

Almogavar the Stinger (Merfolk Venom Mage)          Turns: 1905, Time: 00:09:07

Health: 0/30       AC:  3    Str:  8    XL:     4   Next: 3%
Magic:  8/8        EV: 13    Int: 15    God:
Gold:   69         SH:  0    Dex: 14    Spells: 7/8 levels left

rFire    . . .     SeeInvis .   (no weapon)
rCold    . . .     Faith    .   (no shield)
rNeg     . . .     Spirit   .   a - +0 robe
rPois    .         Reflect  .   h - +0 helmet
rElec    .         Harm     .   (no cloak)
rCorr    .         Rampage  .   (no gloves)
Will     +....                  (no boots)
Stlth    ++........             (no amulet)
HPRegen  0.10/turn              g - ring of willpower
MPRegen  0.11/turn              (no ring)

@: no status effects
A: change form in water, swift swim, stealthy swim
a: no special abilities


You were on level 2 of the Dungeon.
You visited 1 branch of the dungeon, and saw 2 of its levels.

You collected 69 gold pieces.

Inventory:

Armour
 a - a +0 robe (worn)
 h - a +0 helmet (worn)
Jewellery
 g - a ring of willpower (left hand)
Scrolls
 d - a scroll of remove curse
 f - a scroll of magic mapping
Potions
 b - 2 potions of curing {unknown}
 c - 2 potions of lignification {unknown}
 e - a potion of might
 i - a potion of cancellation {unknown}


   Skills:
 + Level 0.1 Fighting
 + Level 3.0 Dodging
 + Level 2.3 Stealth
 - Level 0.1 Unarmed Combat
 + Level 2.8 Spellcasting
 + Level 2.2 Transmutations
 + Level 4.1 Poison Magic


You had 7 spell levels left.
You knew the following spells:

 Your Spells              Type           Power        Failure   Level
a - Sting                 Tmut/Pois      44%          5%          1

Your spell library contained the following spells:

 Spells                   Type           Power        Failure   Level
 Poisonous Vapours        Pois/Air       16%          13%         2
 Ignite Poison            Fire/Tmut/Pois 8%           26%         3
 Mephitic Cloud           Conj/Pois/Air  6%           34%         3
 Olgreb's Toxic Radiance  Pois           14%          36%         4


Dungeon Overview and Level Annotations

Branches:
Dungeon (2/15)

Altars:

Annotations:
D:2 Sigmund


Message History

Press: ? - help, Shift-Dir - straight line, f/p - Sigmund
Aim: Sigmund, wielding a +0 scythe and wearing a +0 robe (lightly wounded, very poisoned, 32% to evade)
The sting misses Sigmund.
Sigmund hits you from afar with a +0 scythe!
Sigmund whispers, "You'll know eternity soon."
Sigmund hits you from afar with a +0 scythe!
Sigmund points at himself and mumbles some strange words.
Sigmund flickers and vanishes!
Deactivating autopickup; reactivate with Ctrl-A.
A puff of flame appears from out of thin air!
The puff of flame misses you.
There is a stone staircase leading down here.
Things that are here:
a +0 club; a hobgoblin skeleton
There is a stone staircase leading up here.
You start resting.
A magic dart appears from out of thin air!
The magic dart hits you. Something hits you!
You die...

.####.#####..# . .............# .
..###.#####.######### ### .
..###..........{)...#####.## .
............##..÷.....÷....# ##.
...###.#.#.########.#####.#####..
...# #.#.#.# #..............#
#..###.....#######{######.#####..
........#..#....@..# ##.# #.#
#..###.....#.####### #..# #.#
#........#.#.# ##.######.#
##.###.###.#.# #.........#
#.........#.# #..#####..#
#####.###.#.# #..#####..# #.#
#.#.#### ##..#......#
.#####.###.#....# #).....#....
........##.####.######...#.###..#


There were no monsters in sight!

Vanquished Creatures
  An ooze (D:1)
  2 dart slugs (D:1)
  3 leopard geckos (D:1)
  A ball python (D:1)
  A giant cockroach (D:1)
  4 goblins (D:1)
  6 hobgoblins
  4 jackals (D:1)
  A quokka (D:2)
  7 bats
  2 frilled lizards
  6 kobolds
  8 rats
46 creatures vanquished.

Notes
Turn   | Place    | Note
-------+----------+-------------------------------------------
     0 | D:1      | Almogavar the Merfolk Venom Mage began the quest for the
                  | Orb.
     0 | D:1      | Reached XP level 1. HP: 13/13 MP: 3/3
   162 | D:1      | Reached XP level 2. HP: 16/19 MP: 0/5
   543 | D:1      | Reached XP level 3. HP: 24/24 MP: 4/6
  1268 | D:1      | Reached skill level 4 in Poison Magic
  1771 | D:2      | Reached XP level 4. HP: 30/30 MP: 6/8
  1862 | D:2      | Noticed Sigmund
  1905 | D:2      | Slain by Sigmund

Illustrated notes

Levels and vault maps discovered:
D:1:      dpeg_arrival_brainrot, layout_basic, fountainhead
D:2:      layout_loops_ring, lemuel_doored_altar, lightli_temple_of_fire,
          uniq_sigmund

Skill      XL: |  1  2  3 |
---------------+----------+-----
Dodging        | 3 |  3.0
Transmutations | 2 |  2.2
Poison Magic   | 4 |  4.1
Fighting       | |  0.1
Stealth        | |  2.3
Unarmed Combat | |  0.1
Spellcasting   | |  2.8

Action                   |  1- 3 |  4- 6 || total
-------------------------+-------+-------++-------
Melee: Unarmed           |    30 |       ||    30
 Cast: Sting             |    67 |     5 ||    72
  Use: Scroll            |     5 |       ||     5
Armor: Robe              |     4 |       ||     4
Dodge: Dodged            |    41 |     2 ||    43
